 Dungeon Crawl Stone Soup version 0.29.1-14-g9c671dbff4 (webtiles) character file.

Game seed: 254811039369643779

7912 Ovid the Sneak (level 11, -11/85 HPs)
             Began as a Grey Draconian Enchanter on Feb 17, 2023.
             Was an Initiate of Gozag.
             Mangled by an orc warlord
             ... wielding a +0 bardiche
              (61 damage)
             ... on level 2 of the Orcish Mines on Feb 18, 2023.
             The game lasted 01:09:43 (11655 turns).

Ovid the Sneak (Grey Draconian Enchanter)          Turns: 11655, Time: 01:10:00

Health: -11/85     AC: 18    Str: 12    XL:     11   Next: 3%
Magic:  15/20      EV: 19    Int: 18    God:    Gozag
Gold:   1593       SH:  0    Dex: 21    Spells: 5/22 levels left

rFire   . . .      SeeInvis .   D - +0 dagger (venom)
rCold   . . .      Faith    .   (no shield)
rNeg    . . .      Spirit   .   (body armour unavailable)
rPois   .          Reflect  .   (helmet restricted)
rElec   .          Harm     .   w - scarf {+Inv}
rCorr   .          Rampage  .   (no gloves)
Will    .....                   O - +1 pair of boots of the Unseen Realm {Dex+9}
Stlth   ++++......              h - amulet of magic regeneration
HPRegen 0.24/turn               g - +4 ring of protection
MPRegen 0.57/turn               y - +4 ring of evasion

@: no status effects
A: AC +12, amphibious, unfitting armour, cold-blooded
a: Renounce Religion, Evoke Invisibility, Potion Petition, Call Merchant, Bribe
Branch


You were on level 2 of the Orcish Mines.
You worshipped Gozag.
Gozag was most pleased with you.
You visited 2 branches of the dungeon, and saw 11 of its levels.
You also visited: Sewer.

You collected 2314 gold pieces.
You spent 652 gold pieces at shops.
You paid 69 gold pieces to Gozag.

Inventory:

Hand Weapons
 a - a +2 dagger
 l - a +2 dagger of holy wrath
 D - a +0 dagger of venom (weapon)
Missiles
 e - 10 atropa-tipped darts
 i - 12 poisoned darts
 k - 16 boomerangs (quivered)
 r - a throwing net
Armour
 w - a scarf of invisibility (worn)
 N - a +2 cloak
 O - the +1 pair of boots of the Unseen Realm (worn) {Dex+9}
   (You bought it in a shop on level 9 of the Dungeon)

   Dex:       It affects your dexterity (+9).
Jewellery
 g - a +4 ring of protection (left hand)
 h - an amulet of magic regeneration (around neck)
 y - a +4 ring of evasion (right hand)
 I - an amulet of regeneration
Wands
 L - a wand of flame (15)
Scrolls
 s - 2 scrolls of fog
 v - a scroll of enchant weapon
 x - 3 scrolls of vulnerability
 A - 2 scrolls of noise
 B - 3 scrolls of magic mapping
 C - a scroll of amnesia
 G - 5 scrolls of teleportation
 K - a scroll of blinking
 M - a scroll of summoning
Potions
 b - a potion of invisibility
 c - a potion of resistance {unknown}
 d - a potion of ambrosia {unknown}
 j - 4 potions of attraction {unknown}
 n - 3 potions of berserk rage
 o - 2 potions of mutation {unknown}
 p - 3 potions of might {unknown}
 q - a potion of flight {unknown}
 t - 3 potions of curing
 u - a potion of degeneration {unknown}
 z - 2 potions of heal wounds
 E - 2 potions of cancellation {unknown}
 H - a potion of brilliance {unknown}
Miscellaneous
 m - a condenser vane (inert)


   Skills:
 * Level 4.9 Fighting
 * Level 4.9 Short Blades
 * Level 4.1 Throwing
 * Level 4.3 Dodging
 * Level 6.6 Stealth
 * Level 6.2 Spellcasting
 * Level 3.0 Conjurations
 * Level 5.6 Hexes
 * Level 2.7 Transmutations
 * Level 3.1 Fire Magic
 * Level 4.4 Ice Magic
 * Level 2.6 Air Magic
 * Level 2.8 Poison Magic
 * Level 4.1 Evocations


You had 5 spell levels left.
You knew the following spells:

 Your Spells              Type           Power      Damage    Failure   Level
a - Mephitic Cloud        Conj/Pois/Air  15%        N/A       11%         3
b - Confusing Touch       Hex            26%        N/A       3%          3
c - Tukima's Dance        Hex            26%        N/A       3%          3
d - Inner Flame           Hex/Fire       21%        N/A       6%          3
e - Static Discharge      Conj/Air       15%        3-5/arc   5%          2
f - Ignite Poison         Fire/Tmut/Pois 16%        N/A       11%         3

Your spell library contained the following spells:

 Spells                   Type           Power      Damage    Failure   Level
 Freeze                   Ice            84%        1d10      1%          1
 Ensorcelled Hibernation  Hex/Ice        46%        N/A       2%          2
 Foxfire                  Conj/Fire      64%        2x1d7     3%          1
 Frozen Ramparts          Ice            42%        1d7       5%          3
 Dazzling Flash           Conj/Hex       42%        N/A       6%          3
 Conjure Flame            Conj/Fire      16%        6-21      10%         3
 Cause Fear               Hex            13%        N/A       11%         4
 Blink                    Tloc           10%        N/A       19%         2
 Hailstorm                Conj/Ice       19%        3d6       26%         4
 Flame Wave               Conj/Fire      16%        2d7       32%         4
 Sticky Flame             Conj/Fire      16%        2d4       32%         4
 Lesser Beckoning         Tloc           5%         N/A       34%         3
 Yara's Violent Unravell  Hex/Tmut       10%        3d6       50%         5
 Silence                  Hex/Air        10%        N/A       52%         5
 Freezing Cloud           Conj/Ice/Air   8%         6-21      63%         5
 Dispel Undead            Necr           5%         3d7       75%         4
 Passage of Golubria      Tloc           5%         N/A       75%         4
 Manifold Assault         Tloc           5%         N/A       97%         5
 Discord                  Hex            13%        N/A       100%        8
 Lehudib's Crystal Spear  Conj/Erth      5%         10d3      100%        8


Dungeon Overview and Level Annotations

Branches:
Dungeon (9/15)             Temple (0/1) D:4             Orc (2/2) D:9
  Sewer (visited)
   Lair: D:8-11         Elf: Orc:2

Altars:
Fedhas
Gozag
Hepliaklqana
Ru
Sif Muna

Shops:
D:4 !   D:9 [


Innate Abilities, Weirdness & Mutations

Your dull iron-grey scales are very hard. (AC +12)
You are amphibious.
You cannot fit into any form of body armour.
You are cold-blooded and may be slowed by cold attacks.


Message History

There is a stone staircase leading down, spattered with blood here.
You climb downwards.
The orc warlord roars a battlecry!
The orcs go into a battle-frenzy!
The orc warrior throws a boomerang of dispersal.
The boomerang of dispersal barely misses you.
The orc knight shoots a bolt.
The bolt closely misses you.
The orc shoots a bolt.
The bolt closely misses you.
The orc warlord shoots a bolt.
The bolt hits you!
There is a stone staircase leading up, spattered with blood here.
Casting: Ignite Poison (dangerous; 11% risk of failure)
Confirm with . or Enter, or press ? or * to list all spells.
Aiming: Mephitic Cloud (dangerous; 11% risk of failure)
Press: ? - help, Shift-Dir - straight line, f - orc warlord
Aim: an orc warlord, wielding a +0 arbalest and wearing a +0 plate armour (chance to affect: 29%)
The ball explodes into a vile cloud!
The stinking cloud engulfs the orc warlord but does no damage.
The stinking cloud engulfs the orc warrior but does no damage.
The orc warrior shoots a bolt.
The bolt misses you.
The orc knight shoots a bolt.
The bolt barely misses you.
The orc warrior shoots a bolt.
The bolt hits you!
The orc shoots a bolt.
The bolt misses you.
The orc warlord is engulfed in noxious fumes.
Casting: Mephitic Cloud (dangerous; 11% risk of failure)
Confirm with . or Enter, or press ? or * to list all spells.
You ignite the poison in your surroundings!
The orc shoots a bolt.
The bolt misses you.
The orc knight roars a battlecry!
The orc warlord goes into a battle-frenzy!
The orc shoots a bolt.
The bolt misses you.
The orc warlord is engulfed in blazing flames.
The orc knight shoots a bolt.
The bolt closely misses you.
The orc warrior shoots a bolt.
The bolt hits you but does no damage.
The orc shoots a bolt.
The bolt closely misses you.
The orc warrior shoots a bolt.
The bolt hits you!
The orc warlord unwields a +0 arbalest.
The orc warlord wields a +0 bardiche.
The orc warlord hits you with a +0 bardiche!!!
Ouch! That really hurt!
You die...
Your body crumbles into a pile of gold.

#$##..#.#
.....$. ....$..
.o.$$$##.......
.#.o$$.#.......
...o○.#.#.o...#
...oo○○........
....○☼☼........
...o...o.......
...o...@.......
..#............
#............#
$
.....#.........
...............
..........#....
..$ ........###
^#.........<. $


You could see an orc warlord (strong), an orc knight (strong), 3 orc warriors,
an orc wizard (strong) and 3 orcs.

Vanquished Creatures
  Maurice (D:8)
  3 trolls (Orc:1)
  A wyvern (D:9)
  5 yaks (D:9)
  A dancing weapon (D:9)
  Menkaure (D:4)
  3 wargs
  2 water moccasins
  Pargi (Sewer)
  9 orc warriors
  An ice beast (D:5)
  2 sky beasts
  3 ogres
  A phantom (D:6)
  7 centaurs
  2 gnoll sergeants
  3 bullfrogs
  3 necrophages
  4 scorpions
  9 killer bees
  2 hounds
  A quasit (D:8)
  A gnoll bouda (D:9)
  11 orc priests
  Crazy Yiuf (D:4)
  Ijyb (D:3)
  7 iguanas
  9 orc wizards
  16 gnolls
  7 adders
  A river rat (D:5)
  6 shadow imps
  4 white imps
  5 ufetubi
  6 worms
  15 dart slugs
  69 orcs
  4 ball pythons
  2 bats
  7 endoplasms
  3 giant cockroaches
  7 goblins
  8 hobgoblins
  3 jackals (D:4)
  8 kobolds
  4 quokkas
  6 frilled lizards
  11 rats
287 creatures vanquished.

Vanquished Creatures (collateral kills)
  Sigmund (D:4)
  A wyvern (D:9)
  An acid dragon (D:8)
  An orc warrior (D:9)
  A centaur (D:9)
  2 orc priests
  An orc wizard (D:8)
  A gnoll (D:5)
  A shadow imp (D:8)
  6 orcs
  A goblin (D:3)
  2 hobgoblins
  2 kobolds
21 creatures vanquished.

Vanquished Creatures (others)
  8 dancing weapons
  4 demonic plants (D:8)
12 creatures vanquished.

Grand Total: 320 creatures vanquished

Notes
Turn   | Place    | Note
-------+----------+-------------------------------------------
     0 | D:1      | Ovid the Draconian Enchanter began the quest for the Orb.
     0 | D:1      | Reached XP level 1. HP: 14/14 MP: 3/3
   181 | D:1      | Reached XP level 2. HP: 20/22 MP: 5/5
   186 | D:1      | Learned a level 2 spell: Ensorcelled Hibernation
   465 | D:2      | Reached XP level 3. HP: 25/27 MP: 4/6
   469 | D:2      | Learned a level 3 spell: Confusing Touch
   499 | D:3      | Noticed Ijyb
   587 | D:3      | HP: 1/27 [poisoned by a kobold]
   612 | D:3      | Killed Ijyb
   613 | D:3      | Reached skill level 1 in Fighting
   633 | D:3      | Reached XP level 4. HP: 26/35 MP: 7/7
   665 | D:4      | Found a runed translucent door.
   666 | D:4      | Noticed Crazy Yiuf
   672 | D:4      | Killed Crazy Yiuf
   673 | D:4      | Reached skill level 1 in Ice Magic
   710 | D:4      | Noticed Menkaure
   719 | D:4      | Killed Menkaure
   720 | D:4      | Reached skill level 1 in Throwing
   720 | D:4      | Reached XP level 5. HP: 9/40 MP: 7/9
   960 | D:4      | Learned a level 3 spell: Tukima's Dance
   973 | D:5      | Entered Level 5 of the Dungeon
  1028 | D:5      | Reached skill level 1 in Evocations
  1064 | D:5      | Reached XP level 6. HP: 23/48 MP: 10/10
  1189 | D:5      | Found a glowing drain.
  1217 | Sewer    | Entered a sewer
  1237 | Sewer    | Noticed Pargi
  1246 | Sewer    | Killed Pargi
  1247 | Sewer    | Your scales start taking on a dull iron-grey colour.
  1247 | Sewer    | Reached XP level 7. HP: 54/55 MP: 9/11
  1388 | Sewer    | Identified the +1 robe "Poguolai" {Harm Fly Slay+3}
  1471 | D:5      | Learned a level 3 spell: Inner Flame
  2173 | D:6      | Found an opulent altar of Gozag.
  2200 | D:6      | Became a worshipper of Gozag Ym Sagoz the Greedy
  2311 | D:6      | Found a blossoming altar of Fedhas.
  2370 | D:6      | Found a shimmering blue altar of Sif Muna.
  2451 | D:6      | Reached XP level 8. HP: 43/62 MP: 2/14
  2526 | D:6      | Reached skill level 5 in Stealth
  3042 | D:6      | Learned a level 2 spell: Static Discharge
  3834 | D:4      | Found Kiynon's Distillery.
  3860 | D:4      | Bought a potion of berserk rage for 60 gold pieces
  3860 | D:4      | Bought a potion of curing for 36 gold pieces
  3860 | D:4      | Bought a potion of curing for 36 gold pieces
  3860 | D:4      | Bought a potion of heal wounds for 60 gold pieces
  4002 | D:4      | Noticed Sigmund
  4014 | D:4      | Killed Sigmund
  4036 | D:4      | Reached skill level 1 in Fire Magic
  4176 | D:4      | Reached skill level 1 in Conjurations
  4176 | D:4      | Reached XP level 9. HP: 52/70 MP: 2/15
  4176 | D:4      | Found a staircase to the Ecumenical Temple.
  5388 | D:3      | Learned a level 3 spell: Mephitic Cloud
  5392 | D:3      | Learned a level 3 spell: Ignite Poison
  5671 | D:2      | Reached skill level 1 in Air Magic
  6213 | D:1      | You fall into a shaft and drop 1 floor!
  6427 | D:1      | Found a faded altar of an unknown god.
  6583 | D:1      | You fall into a shaft and drop 1 floor!
  7383 | D:7      | Reached skill level 5 in Spellcasting
  7515 | D:7      | Found a hazy altar of Hepliaklqana.
  7574 | D:7      | Reached skill level 1 in Poison Magic
  8026 | D:8      | Noticed Maurice
  8187 | D:8      | Killed Maurice
  8188 | D:8      | Reached skill level 1 in Transmutations
  8494 | D:8      | Reached skill level 5 in Hexes
  9093 | D:9      | Found Tuvim's Armour Emporium.
  9096 | D:9      | Bought the +1 pair of boots of the Unseen Realm {Dex+9} for
                  | 460 gold pieces
  9160 | D:9      | Reached XP level 10. HP: 78/78 MP: 18/18
  9558 | D:9      | Found a staircase to the Orcish Mines.
  9801 | D:9      | Found a sacrificial altar of Ru.
 10216 | Orc:1    | Entered Level 1 of the Orcish Mines
 10755 | Orc:2    | Entered Level 2 of the Orcish Mines
 10797 | Orc:2    | Noticed an orc warlord
 10947 | Orc:2    | Noticed an orc knight
 11341 | Orc:1    | Reached XP level 11. HP: 25/85 MP: 15/20
 11655 | Orc:2    | Mangled by an orc warlord

Illustrated notes

Levels and vault maps discovered:
D:1:      heliophobic_arrival_ceremonial_halls, layout_basic,
          ebering_ecumenical_altar_hall, nicolae_wormholes
D:2:      layout_loops_ring, nrook_mini_backslash
D:3:      layout_rooms, chequers_arboretum, uniq_ijyb
D:4:      layout_loops_corners, minmay_temple_entry_glassed_door, serial_shops,
          shop_fountains, uniq_crazy_yiuf_cottage, uniq_sigmund, uniq_menkaure
D:5:      kennysheep_slugbush, layout_loops_ring, portal_sewer_entry_b,
          abandoned_shop
D:6:      layout_loops_ring, nicolae_gozag_cash_rules_everything_around_me,
          mainiacjoe_overflow_large_starburst
D:7:      layout_loops_corners, mainiacjoe_overflow_small_starburst,
          chequers_serial_rivers_micro_e, corexii_corridor_pit,
          kennysheep_generic_room_13
D:8:      layout_basic, serial_demonic, serial_demonic_e, serial_demonic_f,
          serial_demonic_a, serial_demonic_c, uniq_maurice
D:9:      layout_loops_cross, mainiacjoe_overflow_chevrons, hiddenorc1_lemuel,
          serial_shops, kennysheep_mini_moat
Orc:1:    layout_caves, basic_altar
Orc:2:    st_orc_rangers, layout_caves, basic_altar, nicolae_orc_lava_tube

Skill      XL: |  1  2  3  4  5  6  7  8  9 10 |
---------------+-------------------------------+-----
Stealth        | 3 4 5 6 |  6.6
Hexes          | 3 4 5 |  5.6
Fighting       | 1 2 3 4 |  4.9
Dodging        | 2 3 4 |  4.3
Ice Magic      | 1 2 3 4 |  4.4
Short Blades   | 2 3 4 |  4.9
Throwing       | 1 2 3 4 |  4.1
Evocations     | 1 2 3 4 |  4.1
Spellcasting   | 3 4 5 6 |  6.2
Fire Magic     | 1 2 3 |  3.1
Conjurations   | 1 2 3 |  3.0
Air Magic      | 1 2 |  2.6
Poison Magic   | 1 2 |  2.8
Transmutations | 1 2 |  2.7

Action                   |  1- 3 |  4- 6 |  7- 9 | 10-12 || total
-------------------------+-------+-------+-------+-------++-------
Melee: Dagger            |    94 |    65 |   334 |    92 ||   585
       Tailslap          |    11 |    11 |    56 |    10 ||    88
       Punch             |     3 |       |     7 |     7 ||    17
Throw: Boomerang         |    12 |     1 |    66 |    64 ||   143
 Cast: Ensorcelled Hiber |    12 |    14 |    22 |       ||    48
       Confusing Touch   |     4 |     1 |    37 |       ||    42
       Tukima's Dance    |       |       |    52 |    10 ||    62
       Inner Flame       |       |       |     6 |       ||     6
       Static Discharge  |       |       |    62 |    24 ||    86
       Ignite Poison     |       |       |     2 |    29 ||    31
       Mephitic Cloud    |       |       |     1 |     2 ||     3
Evoke: Wand              |       |     6 |    16 |     1 ||    23
       Condenser vane    |       |       |       |     1 ||     1
  Use: Scroll            |     2 |     5 |    11 |     6 ||    24
       Potion            |     3 |     1 |     4 |     2 ||    10
 Stab: Sleeping          |     9 |    12 |    30 |     1 ||    52
       Invisible         |       |     2 |     1 |       ||     3
       Confused          |       |       |     8 |     1 ||     9
       Distracted        |       |       |     1 |       ||     1
Armor: Skin              |    39 |    35 |   222 |    65 ||   361
Dodge: Dodged            |    57 |    52 |   312 |   210 ||   631
